Workbook
Name \0: #REF!
Name \0: #REF!
Name \0: #REF!
Name \c: '[1]Bm 8'!#REF!
Name \c: '[1]Bm 8'!#REF!
Name \c: '[1]Bm 8'!#REF!
Name \d: '[1]Bm 8'!#REF!
Name \d: '[1]Bm 8'!#REF!
Name \d: '[1]Bm 8'!#REF!
Name \f: #N/A
Name \p: #N/A
Name \q: '[1]Bm 8'!#REF!
Name \q: '[1]Bm 8'!#REF!
Name \s: '[1]Bm 8'!#REF!
Name \x: '[1]Bm 8'!#REF!
Name ___________BOR1: '[1]Bm 8'!#REF!
Name __________BOR1: '[1]Bm 8'!#REF!
Name _________BOR1: '[1]Bm 8'!#REF!
Name ________BOR1: '[1]Bm 8'!#REF!
Name ________NIL1: #REF!
Name ________NIL1: #REF!
Name ________NIL1: #REF!
Name _______BOR1: '[1]Bm 8'!#REF!
Name _______BOR1: '[1]Bm 8'!#REF!
Name _______BOR1: '[1]Bm 8'!#REF!
Name _______NIL1: #REF!
Name _______NIL1: #REF!
Name _______NIL1: #REF!
Name ______BOR1: '[1]Bm 8'!#REF!
Name ______BOR1: '[1]Bm 8'!#REF!
Name ______BOR1: '[1]Bm 8'!#REF!
Name ______NIL1: #REF!
Name ______NIL1: #REF!
Name ______NIL1: #REF!
Name ____BOR1: '[1]Bm 8'!#REF!
Name ____BOR1: '[1]Bm 8'!#REF!
Name ____BOR1: '[1]Bm 8'!#REF!
Name ____NIL1: #REF!
Name ____NIL1: #REF!
Name ____NIL1: #REF!
Name ___BOR1: '[1]Bm 8'!#REF!
Name ___BOR1: '[1]Bm 8'!#REF!
Name ___BOR1: '[1]Bm 8'!#REF!
Name ___NIL1: #REF!
Name ___NIL1: #REF!
Name ___NIL1: #REF!
Name __BOR1: '[1]Bm 8'!#REF!
Name __BOR1: '[1]Bm 8'!#REF!
Name __BOR1: '[1]Bm 8'!#REF!
Name __NIL1: #REF!
Name __NIL1: #REF!
Name __NIL1: #REF!
Name _BOR1: '[1]Bm 8'!#REF!
Name _BOR1: '[1]Bm 8'!#REF!
Name _BOR1: '[1]Bm 8'!#REF!
Name _NIL1: #REF!
Name _NIL1: #REF!
Name a: '[1]Bm 8'!#REF!
Name a: '[1]Bm 8'!#REF!
Name a: '[1]Bm 8'!#REF!

Sheet ORÇAMENTO
F2: Data Base Orçamento Equalizado: | I2: 45170
A3: Obra | E3: Bancos | H3: B.D.I. | I3: Encargos Sociais
A4: CONTRATAÇÃO DE EMPRESA DE ENGENHARIA ESPECIALIZADA EM OBRAS DE SANEAMENTO PARA A EXECUÇÃO DA DESATIVAÇÃO DA LAGOA EXISTENTE NA ESTAÇÃO DE TRATAMENTO DE ESGOTO (ETE) DO BAIRRO RIO VERDE E DA AMPLIAÇÃO DESTA UNIDADE DE TRATAMENTO, POR MEIO DO PROGRAMA DE SANEAMENTO AMBIENTAL, MACRODRENAGEM E RECUPERAÇÃO DE IGARAPÉS E MARGENS DO RIO PARAUAPEBAS (PROSAP), EM DESENVOLVIMENTO NO MUNICÍPIO DE PARAUAPEBAS, ESTADO DO PARÁ | E4: SINAPI - 08/2023 - Pará SBC - 09/2023 - Pará SICRO3 - 04/2023 - Pará ORSE - 08/2023 - Sergipe SEDOP - 05/2023 - Pará SEINFRA - 027 - Ceará CPOS/CDHU - 08/2023 - São Paulo FDE - 07/2023 - São Paulo AGETOP CIVIL - 07/2023 - Goiás EMBASA - 05/2023 - Bahia | H4: 16,32% 29,90% | I4: Desonerado: Horista: 87,82% Mensalista: 48,01%
A5: Orçamento Sintético
A6: ITEM | B6: CÓDIGO | C6: BANCO | D6: DESCRIÇÃO | E6: UN | F6: QUANT. | G6: VALOR UNIT | H6: VALOR UNIT COM BDI | I6: TOTAL
A7: 1 | D7: ADMINISTRAÇAO LOCAL | I7: =SUM(I8:I9) -> 0
A8: 1.1 | B8: ETE_RV_01 | C8: Próprio | D8: ADMINSTRAÇÃO LOCAL DA OBRA - ETE RIO VERDE | E8: un | F8: 1 | H8: 0 | I8: =ROUND(F8 * H8, 2) -> 0
A9: 1.2 | B9: 10000 | C9: SEDOP | D9: LICENÇAS E TAXAS DA OBRA (ACIMA DE 500M2) | E9: cj | F9: 1 | H9: 0 | I9: =ROUND(F9 * H9, 2) -> 0
A10: 2 | D10: CANTEIRO DE OBRAS | I10: =SUM(I11:I15) -> 0
A11: 2.1 | B11: 93207 | C11: SINAPI | D11: EXECUÇÃO DE ESCRITÓRIO EM CANTEIRO DE OBRA EM CHAPA DE MADEIRA COMPENSADA, NÃO INCLUSO MOBILIÁRIO E EQUIPAMENTOS. AF_02/2016 | E11: m² | F11: 75 | H11: 0 | I11: =ROUND(F11 * H11, 2) -> 0
A12: 2.2 | B12: 93208 | C12: SINAPI | D12: EXECUÇÃO DE ALMOXARIFADO EM CANTEIRO DE OBRA EM CHAPA DE MADEIRA COMPENSADA, INCLUSO PRATELEIRAS. AF_02/2016 | E12: m² | F12: 50 | H12: 0 | I12: =ROUND(F12 * H12, 2) -> 0
A13: 2.3 | B13: 93210 | C13: SINAPI | D13: EXECUÇÃO DE REFEITÓRIO EM CANTEIRO DE OBRA EM CHAPA DE MADEIRA COMPENSADA, NÃO INCLUSO MOBILIÁRIO E EQUIPAMENTOS. AF_02/2016 | E13: m² | F13: 100 | H13: 0 | I13: =ROUND(F13 * H13, 2) -> 0
A14: 2.4 | B14: 93212 | C14: SINAPI | D14: EXECUÇÃO DE SANITÁRIO E VESTIÁRIO EM CANTEIRO DE OBRA EM CHAPA DE MADEIRA COMPENSADA, NÃO INCLUSO MOBILIÁRIO. AF_02/2016 | E14: m² | F14: 75 | H14: 0 | I14: =ROUND(F14 * H14, 2) -> 0
A15: 2.5 | B15: 10004 | C15: SEDOP | D15: PLACA DA OBRA EM CHAPA GALVANIZADA | E15: m² | F15: 12 | H15: 0 | I15: =ROUND(F15 * H15, 2) -> 0
A16: 3 | D16: DESATIVAÇÃO LAGOA TRATAMENTO EXISTENTE | I16: =SUM(I17:I244) -> 0
A17: 3.1 | D17: MOVIMENTO DE TERRA, PREPARAÇÃO E REMOÇÃO DE LODO
A18: 3.1.1 | D18: DESMATAMENTO E LIMPEZA DO TERRENO
A19: 3.1.1.1 | B19: 98525 | C19: SINAPI | D19: LIMPEZA MECANIZADA DE CAMADA VEGETAL, VEGETAÇÃO E PEQUENAS ÁRVORES (DIÂMETRO DE TRONCO MENOR QUE 0,20 M), COM TRATOR DE ESTEIRAS.AF_05/2018 | E19: m² | F19: 29091.1 | H19: 0 | I19: =ROUND(F19 * H19, 2) -> 0
A20: 3.1.1.2 | B20: 100983 | C20: SINAPI | D20: CARGA, MANOBRA E DESCARGA DE ENTULHO EM CAMINHÃO BASCULANTE 14 M³ - CARGA COM ESCAVADEIRA HIDRÁULICA (CAÇAMBA DE 0,80 M³ / 111 HP) E DESCARGA LIVRE (UNIDADE: M3). AF_07/2020 | E20: m³ | F20: 3781.84 | H20: 0 | I20: =ROUND(F20 * H20, 2) -> 0
A21: 3.1.1.3 | B21: 95876 | C21: SINAPI | D21: TRANSPORTE COM CAMINHÃO BASCULANTE DE 14 M³, EM VIA URBANA PAVIMENTADA, DMT ATÉ 30 KM (UNIDADE: M3XKM). AF_07/2020 | E21: m3xkm | F21: 75636.8 | H21: 0 | I21: =ROUND(F21 * H21, 2) -> 0
A22: 3.1.1.4 | B22: 08.01.03 | C22: EMBASA | D22: ESGOTAMENTO DE LAMA COM BOMBA SUBMERSIVEL 4" | E22: m³ | F22: 32713 | H22: 0 | I22: =ROUND(F22 * H22, 2) -> 0
A23: 3.1.2 | D23: CORTE E ATERRO
A24: 3.1.2.1 | B24: 101230 | C24: SINAPI | D24: ESCAVAÇÃO VERTICAL A CÉU ABERTO, EM OBRAS DE INFRAESTRUTURA, INCLUINDO CARGA, DESCARGA E TRANSPORTE, EM SOLO DE 1ª CATEGORIA COM ESCAVADEIRA HIDRÁULICA (CAÇAMBA: 0,8 M³ / 111 HP), FROTA DE 3 CAMINHÕES BASCULANTES DE 14 M³, DMT ATÉ 1 KM E VELOCIDADE MÉDIA14KM/H. AF_05/2020 | E24: m³ | F24: 6273.48 | H24: 0 | I24: =ROUND(F24 * H24, 2) -> 0
A25: 3.1.2.2 | B25: 96385 | C25: SINAPI | D25: EXECUÇÃO E COMPACTAÇÃO DE ATERRO COM SOLO PREDOMINANTEMENTE ARGILOSO - EXCLUSIVE SOLO, ESCAVAÇÃO, CARGA E TRANSPORTE. AF_11/2019 | E25: m³ | F25: 51855.55 | H25: 0 | I25: =ROUND(F25 * H25, 2) -> 0
A26: 3.1.3 | D26: DESCARTE MATERIAL - BOTA FORA
A27: 3.1.3.1 | B27: 100983 | C27: SINAPI | D27: CARGA, MANOBRA E DESCARGA DE ENTULHO EM CAMINHÃO BASCULANTE 14 M³ - CARGA COM ESCAVADEIRA HIDRÁULICA (CAÇAMBA DE 0,80 M³ / 111 HP) E DESCARGA LIVRE (UNIDADE: M3). AF_07/2020 | E27: m³ | F27: 8155.52 | H27: 0 | I27: =ROUND(F27 * H27, 2) -> 0
A28: 3.1.3.2 | B28: 95876 | C28: SINAPI | D28: TRANSPORTE COM CAMINHÃO BASCULANTE DE 14 M³, EM VIA URBANA PAVIMENTADA, DMT ATÉ 30 KM (UNIDADE: M3XKM). AF_07/2020 | E28: m3xkm | F28: 163110.4 | H28: 0 | I28: =ROUND(F28 * H28, 2) -> 0
A29: 3.1.4 | D29: AQUISIÇÃO MATERIAL - EMPRÉSTIMO
A30: 3.1.4.1 | B30: 6079 | C30: SINAPI | D30: ARGILA, ARGILA VERMELHA OU ARGILA ARENOSA (RETIRADA NA JAZIDA, SEM TRANSPORTE) | E30: m³ | F30: 46670 | H30: 0 | I30: =ROUND(F30 * H30, 2) -> 0
A31: 3.1.4.2 | B31: 100975 | C31: SINAPI | D31: CARGA, MANOBRA E DESCARGA DE SOLOS E MATERIAIS GRANULARES EM CAMINHÃO BASCULANTE 14 M³ - CARGA COM PÁ CARREGADEIRA (CAÇAMBA DE 1,7 A 2,8 M³ / 128 HP) E DESCARGA LIVRE (UNIDADE: M3). AF_07/2020 | E31: m³ | F31: 67412.23 | H31: 0 | I31: =ROUND(F31 * H31, 2) -> 0
A32: 3.1.4.3 | B32: 4730 | C32: SINAPI | D32: PEDRA DE MAO OU PEDRA RACHAO PARA ARRIMO/FUNDACAO (POSTO PEDREIRA/FORNECEDOR, SEM FRETE) | E32: m³ | F32: 5185.56 | H32: 0 | I32: =ROUND(F32 * H32, 2) -> 0
A33: 3.1.4.4 | B33: 95876 | C33: SINAPI | D33: TRANSPORTE COM CAMINHÃO BASCULANTE DE 14 M³, EM VIA URBANA PAVIMENTADA, DMT ATÉ 30 KM (UNIDADE: M3XKM). AF_07/2020 | E33: m3xkm | F33: 1348244.6 | H33: 0 | I33: =ROUND(F33 * H33, 2) -> 0
A34: 3.1.4.5 | B34: EOJ 013 | C34: Próprio | D34: EXECUÇÃO DE ENROCAMENTO DE PEDRA ESPALHADA E COMPACTADA MECANICAMENTE - PEDRA RACHÃO COMERCIAL - ASSENTAMENTO | E34: m³ | F34: 5185.56 | H34: 0 | I34: =ROUND(F34 * H34, 2) -> 0
A35: 3.1.5 | D35: CALEAÇÃO DO LODO - MOVIMENTAÇÃO E PREPARAÇÃO
A36: 3.1.5.1 | B36: COMP02 | C36: Próprio | D36: ESCAVAÇÃO MECÂNICA DE VALAS BARRO OU LAMA ATE 2,0M | E36: m³ | F36: 3362 | H36: 0 | I36: =ROUND(F36 * H36, 2) -> 0
A37: 3.1.5.2 | B37: 100983 | C37: SINAPI | D37: CARGA, MANOBRA E DESCARGA DE ENTULHO EM CAMINHÃO BASCULANTE 14 M³ - CARGA COM ESCAVADEIRA HIDRÁULICA (CAÇAMBA DE 0,80 M³ / 111 HP) E DESCARGA LIVRE (UNIDADE: M3). AF_07/2020 | E37: m³ | F37: 4370.6 | H37: 0 | I37: =ROUND(F37 * H37, 2) -> 0
A38: 3.1.5.3 | B38: 95876 | C38: SINAPI | D38: TRANSPORTE COM CAMINHÃO BASCULANTE DE 14 M³, EM VIA URBANA PAVIMENTADA, DMT ATÉ 30 KM (UNIDADE: M3XKM). AF_07/2020 | E38: m3xkm | F38: 87412 | H38: 0 | I38: =ROUND(F38 * H38, 2) -> 0
A39: 3.1.5.4 | B39: 94969/ALT | C39: Próprio | D39: MISTURA DE CAL VIRGEM EM PÓ E LODO (1:1) COM USO DE BETONEIRA 600 L | E39: m³ | F39: 1230 | H39: 0 | I39: =ROUND(F39 * H39, 2) -> 0
A40: 3.1.5.5 | B40: 100574 | C40: SINAPI | D40: ESPALHAMENTO DE MATERIAL COM TRATOR DE ESTEIRAS. AF_11/2019 | E40: m³ | F40: 6555.9 | H40: 0 | I40: =ROUND(F40 * H40, 2) -> 0
A41: 3.2 | D41: ESTAÇÃO ELEVATÓRIA DE ESGOTO SB 01
A42: 3.2.1 | D42: SERVIÇOS TÉCNICOS
A43: 3.2.1.1 | B43: C1630 | C43: SEINFRA | D43: LOCAÇÃO DA OBRA - EXECUÇÃO DE GABARITO | E43: m² | F43: 37.63 | H43: 0 | I43: =ROUND(F43 * H43, 2) -> 0
A44: 3.2.2 | D44: MOVIMENTO DE TERRA
A45: 3.2.2.1 | B45: C1256 | C45: SEINFRA | D45: ESCAVAÇÃO MANUAL CAMPO ABERTO EM TERRA ATÉ 2M | E45: m³ | F45: 28.41 | H45: 0 | I45: =ROUND(F45 * H45, 2) -> 0
A46: 3.2.2.2 | B46: C1257 | C46: SEINFRA | D46: ESCAVAÇÃO MANUAL CAMPO ABERTO EM TERRA, DE 2,01 A 4,00M | E46: m³ | F46: 1.18 | H46: 0 | I46: =ROUND(F46 * H46, 2) -> 0
A47: 3.2.2.3 | B47: C1267 | C47: SEINFRA | D47: ESCAVAÇÃO MECAN. CAMPO ABERTO EM TERRA EXCETO ROCHA ATÉ 2M | E47: m³ | F47: 255.68 | H47: 0 | I47: =ROUND(F47 * H47, 2) -> 0
A48: 3.2.2.4 | B48: C1268 | C48: SEINFRA | D48: ESCAVAÇÃO MECAN. CAMPO ABERTO EM TERRA EXCETO ROCHA ATÉ 4M | E48: m³ | F48: 186.65 | H48: 0 | I48: =ROUND(F48 * H48, 2) -> 0
A49: 3.2.2.5 | B49: C1269 | C49: SEINFRA | D49: ESCAVAÇÃO MECAN. CAMPO ABERTO EM TERRA EXCETO ROCHA ATÉ 6M | E49: m³ | F49: 216.55 | H49: 0 | I49: =ROUND(F49 * H49, 2) -> 0
A50: 3.2.2.6 | B50: C2921 | C50: SEINFRA | D50: REATERRO C/COMPACTAÇÃO MANUAL S/CONTROLE, MATERIAL DA VALA | E50: m³ | F50: 599.67 | H50: 0 | I50: =ROUND(F50 * H50, 2) -> 0
A51: 3.2.2.7 | B51: C0707 | C51: SEINFRA | D51: CARGA MANUAL DE TERRA EM CAMINHÃO BASCULANTE | E51: m³ | F51: 90 | H51: 0 | I51: =ROUND(F51 * H51, 2) -> 0
A52: 3.2.2.8 | B52: C2533 | C52: SEINFRA | D52: TRANSPORTE DE MATERIAL, EXCETO ROCHA EM CAMINHÃO ATÉ 5 KM | E52: m³ | F52: 117 | H52: 0 | I52: =ROUND(F52 * H52, 2) -> 0
A53: 3.2.2.9 | B53: C2989 | C53: SEINFRA | D53: ESPALHAMENTO MECÂNICO DE SOLO EM BOTA FORA | E53: m³ | F53: 90 | H53: 0 | I53: =ROUND(F53 * H53, 2) -> 0
A54: 3.2.3 | D54: ESGOTAMENTO
A55: 3.2.3.1 | B55: C2806 | C55: SEINFRA | D55: ESGOTAMENTO COM CONJUNTO MOTO-BOMBA DE 20M3/H, H=6M.C.A | E55: h | F55: 60 | H55: 0 | I55: =ROUND(F55 * H55, 2) -> 0
A56: 3.2.4 | D56: CONCRETO
A57: 3.2.4.1 | B57: C1611 | C57: SEINFRA | D57: LASTRO DE CONCRETO REGULARIZADO ESP.= 5CM | E57: m² | F57: 38.89 | H57: 0 | I57: =ROUND(F57 * H57, 2) -> 0
A58: 3.2.4.2 | B58: C1606 | C58: SEINFRA | D58: LASTRO DE BRITA ESP.= 10CM, P/CAIXA EM ALVENARIA | E58: m³ | F58: 10.92 | H58: 0 | I58: =ROUND(F58 * H58, 2) -> 0
A59: 3.2.4.3 | B59: C2827 | C59: SEINFRA | D59: FORMA PLANA CHAPA COMPENSADA RESINADA, ESP.= 10MM UTIL. 3X | E59: m² | F59: 306.56 | H59: 0 | I59: =ROUND(F59 * H59, 2) -> 0
A60: 3.2.4.4 | B60: C0217 | C60: SEINFRA | D60: ARMADURA CA-60 FINA D=3,40 A 6,40MM - 5MM | E60: kg | F60: 24.52 | H60: 0 | I60: =ROUND(F60 * H60, 2) -> 0
A61: 3.2.4.5 | B61: C0216 | C61: SEINFRA | D61: ARMADURA CA-50A MÉDIA D= 6,3 A 10,0MM - 6.3MM | E61: kg | F61: 664.26 | H61: 0 | I61: =ROUND(F61 * H61, 2) -> 0
A62: 3.2.4.6 | B62: C0216 | C62: SEINFRA | D62: ARMADURA CA-50A MÉDIA D= 6,3 A 10,0MM - 8MM | E62: kg | F62: 1883.34 | H62: 0 | I62: =ROUND(F62 * H62, 2) -> 0
A63: 3.2.4.7 | B63: C0216 | C63: SEINFRA | D63: ARMADURA CA-50A MÉDIA D= 6,3 A 10,0MM - 10MM | E63: kg | F63: 611.17 | H63: 0 | I63: =ROUND(F63 * H63, 2) -> 0
A64: 3.2.4.8 | B64: C0215 | C64: SEINFRA | D64: ARMADURA CA-50A GROSSA D= 12,5 A 25,0MM - 12.5MM | E64: kg | F64: 325.84 | H64: 0 | I64: =ROUND(F64 * H64, 2) -> 0
A65: 3.2.4.9 | B65: C0846 | C65: SEINFRA | D65: CONCRETO P/VIBR., FCK 40 MPA COM AGREGADO ADQUIRIDO | E65: m³ | F65: 29.06 | H65: 0 | I65: =ROUND(F65 * H65, 2) -> 0
A66: 3.2.4.10 | B66: C1604 | C66: SEINFRA | D66: LANÇAMENTO E APLICAÇÃO DE CONCRETO S/ ELEVAÇÃO | E66: m³ | F66: 29.06 | H66: 0 | I66: =ROUND(F66 * H66, 2) -> 0
A67: 3.2.4.11 | B67: C1475 | C67: SEINFRA | D67: IMPERMEABILIZAÇÃO DE SUPERFÍCIES INTERNAS DE RESERVATÓRIOS ENTERRADOS | E67: m² | F67: 120.39 | H67: 0 | I67: =ROUND(F67 * H67, 2) -> 0
A68: 3.2.4.12 | B68: C2843 | C68: SEINFRA | D68: IMPERMEABILIZAÇÃO C/ EMULSÃO ASFÁLTICA CONSUMO 2KG/M² | E68: m² | F68: 108.8 | H68: 0 | I68: =ROUND(F68 * H68, 2) -> 0
A69: 3.2.4.13 | B69: C4457 | C69: SEINFRA | D69: LAJE PRÉ-FABRICADA TRELIÇADA P/ FÔRRO - VÃO DE 3,81 A 4,80 M | E69: m² | F69: 11.99 | H69: 0 | I69: =ROUND(F69 * H69, 2) -> 0
A70: 3.2.5 | D70: ALVENARIA
A71: 3.2.5.1 | B71: C3612 | C71: SEINFRA | D71: ALVENARIA DE BLOCO DE CONCRETO TIPO STONE CINZA (14X19X49)CM C/ARGAMASSA MISTA DE CAL HIDRATADA ESP= | E71: m² | F71: 8.28 | H71: 0 | I71: =ROUND(F71 * H71, 2) -> 0
A72: 3.2.5.2 | B72: C4859 | C72: SEINFRA | D72: MURO DE ALVENARIA COM FUNDAÇÃO, REBOCO 2 FACES, ALT. ÚTIL 2,50 M COM CERCA DE PROTEÇÃO TIPO CONCERTINA | E72: M | F72: 96.75 | H72: 0 | I72: =ROUND(F72 * H72, 2) -> 0
A73: 3.2.6 | D73: REVESTIMENTO
A74: 3.2.6.1 | B74: C3408 | C74: SEINFRA | D74: REBOCO C/ ARGAMASSA DE CIMENTO E AREIA S/ PENEIRAR, TRAÇO 1:3 | E74: m² | F74: 8.28 | H74: 0 | I74: =ROUND(F74 * H74, 2) -> 0
A75: 3.2.6.2 | B75: C0776 | C75: SEINFRA | D75: CHAPISCO C/ ARGAMASSA DE CIMENTO E AREIA S/PENEIRAR TRAÇO 1:3 ESP.= 5MM P/ PAREDE | E75: m² | F75: 8.28 | H75: 0 | I75: =ROUND(F75 * H75, 2) -> 0
A76: 3.2.7 | D76: PISOS
A77: 3.2.7.1 | B77: C3025 | C77: SEINFRA | D77: PISO MORTO CONCRETO FCK=13,5MPA C/PREPARO E LANÇAMENTO | E77: m³ | F77: 2.74 | H77: 0 | I77: =ROUND(F77 * H77, 2) -> 0
A78: 3.2.7.2 | B78: C1915 | C78: SEINFRA | D78: PISO CIMENTADO C/ ARGAMASSA DE CIMENTO E AREIA S/ PENEIRAR, TRAÇO 1:4, ESP.= 1.5CM | E78: m² | F78: 2.74 | H78: 0 | I78: =ROUND(F78 * H78, 2) -> 0
A79: 3.2.8 | D79: IMPERMEABILIZAÇÃO
A80: 3.2.8.1 | B80: C4072 | C80: SEINFRA | D80: PINTURA IMPERMEÁVEL EM PAREDE C/ SIKA 107, DUAS DEMÃOS | E80: m² | F80: 5.2 | H80: 0 | I80: =ROUND(F80 * H80, 2) -> 0
A81: 3.2.9 | D81: PINTURA
A82: 3.2.9.1 | B82: 88415 | C82: SINAPI | D82: APLICAÇÃO MANUAL DE FUNDO SELADOR ACRÍLICO EM PAREDES EXTERNAS DE CASAS. AF_06/2014 | E82: m² | F82: 10.4 | H82: 0 | I82: =ROUND(F82 * H82, 2) -> 0
A83: 3.2.9.2 | B83: C1279 | C83: SEINFRA | D83: ESMALTE DUAS DEMÃOS EM ESQUADRIAS DE FERRO | E83: m² | F83: 10.8 | H83: 0 | I83: =ROUND(F83 * H83, 2) -> 0
A84: 3.2.10 | D84: FORNECIMENTO DE MATERIAIS ELÉTRICOS
A85: 3.2.10.1 | D85: EQUIPAMENTOS
A86: 3.2.10.1.1 | B86: COT.ETE.112 | C86: Próprio | D86: BOMBA SUBMERSÍVEL, Q = 302,0 M³/H, AMT = 15,57 MCA - INCLUSO TODOS OS ACESSÓRIOS | E86: un | F86: 2 | H86: 0 | I86: =ROUND(F86 * H86, 2) -> 0
A87: 3.2.10.2 | D87: MONTAGEM
A88: 3.2.10.2.1 | B88: C3455 | C88: SEINFRA | D88: MONTAGEM DAS INSTALAÇÕES ELÉTRICAS, ELEVATÓRIA VAZÃO 40,01 A 60 L/S | E88: un | F88: 1 | H88: 0 | I88: =ROUND(F88 * H88, 2) -> 0
A89: 3.2.10.2.2 | B89: C3417 | C89: SEINFRA | D89: INSTALAÇÃO ELETROMECÂNICA DE CONJUNTO MOTO-BOMBA ATÉ 4 CV | E89: un | F89: 2 | H89: 0 | I89: =ROUND(F89 * H89, 2) -> 0
A90: 3.2.10.2.3 | B90: C3500 | C90: SEINFRA | D90: MONTAGEM DE TUBOS, CONEXÕES E PÇS, ELEVATÓRIA C/ VAZÃO DE 40,01 À 60 L/S | E90: un | F90: 1 | H90: 0 | I90: =ROUND(F90 * H90, 2) -> 0
A91: 3.2.11 | D91: DIVERSOS
A92: 3.2.11.2 | B92: C3465 | C92: SEINFRA | D92: INSTALAÇÃO E FORNECIMENTO DE MONOVIA: TRILHO, TROLLEY / TALHA MANUAL 0,5 T | E92: un | F92: 1 | H92: 0 | I92: =ROUND(F92 * H92, 2) -> 0
A93: 3.2.11.3 | B93: C0804 | C93: SEINFRA | D93: COBOGÓ ANTI-CHUVA (50X40)CM C/ARG. CIMENTO E AREIA TRAÇO 1:3 | E93: m² | F93: 0.31 | H93: 0 | I93: =ROUND(F93 * H93, 2) -> 0
A94: 3.2.12 | D94: FORNECIMENTO DE MATERIAIS HIDRAULICOS
A95: 3.2.12.1 | B95: COT.ETE.121 | C95: Próprio | D95: TAMPÃO DE INSPEÇÃO ARTICULADO, DN 600 | E95: pc | F95: 1 | H95: 0 | I95: =ROUND(F95 * H95, 2) -> 0
A96: 3.2.12.2 | B96: M020300019 | C96: EMBASA | D96: TUBO COM PONTA E BOLSA, JE, DN 400 | E96: M | F96: 1.54 | H96: 0 | I96: =ROUND(F96 * H96, 2) -> 0
A97: 3.2.12.3 | B97: COT.ETE.122 | C97: Próprio | D97: PEDESTAL DE SUSPENSÃO COM ENGRENAGENS, REDUTOR SIMPLES E INDICADOR DE POSIÇÃO PARA COMPORTA QUADRADA DE 200 X 200 MM | E97: pc | F97: 3 | H97: 0 | I97: =ROUND(F97 * H97, 2) -> 0
A98: 3.2.12.4 | B98: COT.ETE.123 | C98: Próprio | D98: HASTE DE PROLONGAMENTO COM BOCA DE CHAVE E QUADRADO, DN 1 1/8", L = 1,00 M | E98: pc | F98: 2 | H98: 0 | I98: =ROUND(F98 * H98, 2) -> 0
A99: 3.2.12.5 | B99: COT.ETE.124 | C99: Próprio | D99: LUVA PARA HASTE DE PROLONGAMENTO, DN 1 1/8" | E99: pc | F99: 3 | H99: 0 | I99: =ROUND(F99 * H99, 2) -> 0
A100: 3.2.12.6 | B100: COT.ETE.125 | C100: Próprio | D100: MANCAL INTERMEDIÁRIO PARA HASTE DE PROLONGAMENTO, DN 1 1/8" | E100: pc | F100: 6 | H100: 0 | I100: =ROUND(F100 * H100, 2) -> 0
A101: 3.2.12.7 | B101: COT.ETE.126 | C101: Próprio | D101: HASTE DE PROLONGAMENTO COM BOCA DE CHAVE E QUADRADO, DN 1 1/8", L = 4,20 M | E101: pc | F101: 2 | H101: 0 | I101: =ROUND(F101 * H101, 2) -> 0
...

Sheet CRONOGRAMA
A2: CRONOGRAMA FISICO-FINANCEIRO
A5: OBJETO | C5: =ORÇAMENTO!A4 -> CONTRATAÇÃO DE EMPRESA DE ENGENHARIA ESPECIALIZADA EM OBRAS DE SANEAMENTO PARA A EXECUÇÃO DA DESATIVAÇÃO DA LAGOA EXISTENTE NA ESTAÇÃO DE TRATAMENTO DE ESGOTO (ETE) DO BAIRRO RIO VERDE E DA AMPLIAÇÃO DESTA UNIDADE DE TRATAMENTO, POR MEIO DO PROGRAMA DE SANEAMENTO AMBIENTAL, MACRODRENAGEM E RECUPERAÇÃO DE IGARAPÉS E MARGENS DO RIO PARAUAPEBAS (PROSAP), EM DESENVOLVIMENTO NO MUNICÍPIO DE PARAUAPEBAS, ESTADO DO PARÁ
A7: ITEM | B7: DESCRIÇÃO DOS SERVIÇOS | C7: VALOR TOTAL DO ITEM (R$) | D7: MESES
D8: 1 | E8: 2 | F8: 3 | G8: 4 | H8: 5 | I8: 6 | J8: 7 | K8: 8 | L8: 9 | M8: 10 | N8: 11 | O8: 12
A9: 1 | B9: =ORÇAMENTO!D7 -> ADMINISTRAÇAO LOCAL | C9: =ORÇAMENTO!I7 -> 0 | D9: =$C$9*D10 -> 0 | E9: =$C$9*E10 -> 0 | F9: =$C$9*F10 -> 0 | G9: =$C$9*G10 -> 0 | H9: =$C$9*H10 -> 0 | I9: =$C$9*I10 -> 0 | J9: =$C$9*J10 -> 0 | K9: =$C$9*K10 -> 0 | ... O9: =$C$9*O10 -> 0
D10: 0.04 | E10: 0.06 | F10: 0.04 | G10: 0.04 | H10: 0.04 | I10: 0.04 | J10: 0.04 | K10: 0.04 | L10: 0.04 | M10: 0.04 | N10: 0.04 | O10: 0.04
A11: 2 | B11: =ORÇAMENTO!D10 -> CANTEIRO DE OBRAS | C11: =ORÇAMENTO!I10 -> 0 | D11: =ROUND($C$11*D12,2) -> 0 | E11: =ROUND($C$11*E12,2) -> 0 | F11: =ROUND($C$11*F12,2) -> 0 | G11: =ROUND($C$11*G12,2) -> 0 | H11: =ROUND($C$11*H12,2) -> 0 | I11: =ROUND($C$11*I12,2) -> 0 | J11: =ROUND($C$11*J12,2) -> 0 | K11: =ROUND($C$11*K12,2) -> 0 | ... O11: =ROUND($C$11*O12,2) -> 0
D12: 1
A13: 3 | B13: =ORÇAMENTO!D16 -> DESATIVAÇÃO LAGOA TRATAMENTO EXISTENTE | C13: =ORÇAMENTO!I16 -> 0 | D13: =$C$13*D14 -> 0 | E13: =$C$13*E14 -> 0 | F13: =$C$13*F14 -> 0 | G13: =$C$13*G14 -> 0 | H13: =$C$13*H14 -> 0 | I13: =$C$13*I14 -> 0 | J13: =$C$13*J14 -> 0 | K13: =$C$13*K14 -> 0 | ... O13: =$C$13*O14 -> 0
D14: 0.08 | E14: 0.08 | F14: 0.08 | G14: 0.08 | H14: 0.08 | I14: 0.08 | J14: 0.08 | K14: 0.08 | L14: 0.08 | M14: 0.08 | N14: 0.1 | O14: 0.1
A15: 4 | B15: =ORÇAMENTO!D245 -> ESTAÇÃO DE TRATAMENTO DE ESGOTO - CONSTRUÇÃO DA 1ª ETAPA | C15: =ORÇAMENTO!I245 -> 0 | D15: =$C$15*D16 -> 0 | E15: =$C$15*E16 -> 0 | F15: =$C$15*F16 -> 0 | G15: =$C$15*G16 -> 0 | H15: =$C$15*H16 -> 0 | I15: =$C$15*I16 -> 0 | J15: =$C$15*J16 -> 0 | K15: =$C$15*K16 -> 0 | ... O15: =$C$15*O16 -> 0
N16: =1/14 -> 0.071428571 | O16: =1/14 -> 0.071428571
A17: 5 | B17: =ORÇAMENTO!D1627 -> EMISSÁRIO PEAD 630MM | C17: =ORÇAMENTO!I1627 -> 0
A19: 6 | B19: =ORÇAMENTO!D1659 -> MEIO AMBIENTE E SEGURANÇA | C19: =ORÇAMENTO!I1659 -> 0 | D19: =$C$19*D20 -> 0 | E19: =$C$19*E20 -> 0 | F19: =$C$19*F20 -> 0 | G19: =$C$19*G20 -> 0 | H19: =$C$19*H20 -> 0 | I19: =$C$19*I20 -> 0 | J19: =$C$19*J20 -> 0 | K19: =$C$19*K20 -> 0 | ... O19: =$C$19*O20 -> 0
D20: 0.04 | E20: 0.06 | F20: 0.04 | G20: 0.04 | H20: 0.04 | I20: 0.04 | J20: 0.04 | K20: 0.04 | L20: 0.04 | M20: 0.04 | N20: 0.04 | O20: 0.04
A21: 7 | B21: =ORÇAMENTO!D1668 -> START UP E OPERAÇÃO ASSISTIDA | C21: =ORÇAMENTO!I1668 -> 0
A24: TOTAL MENSAL | C24: =SUM(C9:C22) -> 0 | D24: =SUM(D9,D11,D13,D15,D17,D19,D21) -> 0 | E24: =SUM(E9,E11,E13,E15,E17,E19,E21) -> 0 | F24: =SUM(F9,F11,F13,F15,F17,F19,F21) -> 0 | G24: =SUM(G9,G11,G13,G15,G17,G19,G21) -> 0 | H24: =SUM(H9,H11,H13,H15,H17,H19,H21) -> 0 | I24: =SUM(I9,I11,I13,I15,I17,I19,I21) -> 0 | J24: =SUM(J9,J11,J13,J15,J17,J19,J21) -> 0 | K24: =SUM(K9,K11,K13,K15,K17,K19,K21) -> 0 | ... O24: =SUM(O9,O11,O13,O15,O17,O19,O21) -> 0
A25: TOTAL ACUMULADO | C25: =C24 -> 0 | D25: =D24 -> 0 | E25: =D25+E24 -> 0 | F25: =E25+F24 -> 0 | G25: =F25+G24 -> 0 | H25: =G25+H24 -> 0 | I25: =H25+I24 -> 0 | J25: =I25+J24 -> 0 | K25: =J25+K24 -> 0 | L25: =K25+L24 -> 0 | ... O25: =N25+O24 -> 0
A27: ITEM | B27: DESCRIÇÃO DOS SERVIÇOS | C27: VALOR TOTAL DO ITEM (R$) | D27: MESES
D28: 13 | E28: 14 | F28: 15 | G28: 16 | H28: 17 | I28: 18 | J28: 19 | K28: 20 | L28: 21 | M28: 22 | N28: 23 | O28: 24
A29: 1 | B29: =B9 -> ADMINISTRAÇAO LOCAL | C29: =C9 -> 0 | D29: =$C$29*D30 -> 0 | E29: =$C$29*E30 -> 0 | F29: =$C$29*F30 -> 0 | G29: =$C$29*G30 -> 0 | H29: =$C$29*H30 -> 0 | I29: =$C$29*I30 -> 0 | J29: =$C$29*J30 -> 0 | K29: =$C$29*K30 -> 0 | ... O29: =$C$29*O30 -> 0
D30: 0.04 | E30: 0.04 | F30: 0.04 | G30: 0.04 | H30: 0.04 | I30: 0.04 | J30: 0.04 | K30: 0.04 | L30: 0.04 | M30: 0.04 | N30: 0.04 | O30: 0.06
A31: 2 | B31: =B11 -> CANTEIRO DE OBRAS | C31: =C11 -> 0 | D31: =$C$31*D32 -> 0 | E31: =$C$31*E32 -> 0 | F31: =$C$31*F32 -> 0 | G31: =$C$31*G32 -> 0 | H31: =$C$31*H32 -> 0 | I31: =$C$31*I32 -> 0 | J31: =$C$31*J32 -> 0 | K31: =$C$31*K32 -> 0 | ... O31: =$C$31*O32 -> 0
A33: 3 | B33: =B13 -> DESATIVAÇÃO LAGOA TRATAMENTO EXISTENTE | C33: =C13 -> 0 | D33: =$C$33*D34 -> 0 | E33: =$C$33*E34 -> 0 | F33: =$C$33*F34 -> 0 | G33: =$C$33*G34 -> 0 | H33: =$C$33*H34 -> 0 | I33: =$C$33*I34 -> 0 | J33: =$C$33*J34 -> 0 | K33: =$C$33*K34 -> 0 | ... O33: =$C$33*O34 -> 0
A35: 4 | B35: =B15 -> ESTAÇÃO DE TRATAMENTO DE ESGOTO - CONSTRUÇÃO DA 1ª ETAPA | C35: =C15 -> 0 | D35: =$C$35*D36 -> 0 | E35: =$C$35*E36 -> 0 | F35: =$C$35*F36 -> 0 | G35: =$C$35*G36 -> 0 | H35: =$C$35*H36 -> 0 | I35: =$C$35*I36 -> 0 | J35: =$C$35*J36 -> 0 | K35: =$C$35*K36 -> 0 | ... O35: =$C$35*O36 -> 0
D36: =1/14 -> 0.071428571 | E36: =1/14 -> 0.071428571 | F36: =1/14 -> 0.071428571 | G36: =1/14 -> 0.071428571 | H36: =1/14 -> 0.071428571 | I36: =1/14 -> 0.071428571 | J36: =1/14 -> 0.071428571 | K36: =1/14 -> 0.071428571 | ... O36: =1/14 -> 0.071428571
A37: 5 | B37: =B17 -> EMISSÁRIO PEAD 630MM | C37: =C17 -> 0 | F37: =$C$37*F38 -> 0 | G37: =$C$37*G38 -> 0 | H37: =$C$37*H38 -> 0 | I37: =$C$37*I38 -> 0 | J37: =$C$37*J38 -> 0 | K37: =$C$37*K38 -> 0 | L37: =$C$37*L38 -> 0 | M37: =$C$37*M38 -> 0 | ... O37: =$C$37*O38 -> 0
F38: 0.1 | G38: 0.1 | H38: 0.1 | I38: 0.1 | J38: 0.1 | K38: 0.1 | L38: 0.1 | M38: 0.1 | N38: 0.1 | O38: 0.1
A39: 6 | B39: =B19 -> MEIO AMBIENTE E SEGURANÇA | C39: =C19 -> 0 | D39: =$C$39*D40 -> 0 | E39: =$C$39*E40 -> 0 | F39: =$C$39*F40 -> 0 | G39: =$C$39*G40 -> 0 | H39: =$C$39*H40 -> 0 | I39: =$C$39*I40 -> 0 | J39: =$C$39*J40 -> 0 | K39: =$C$39*K40 -> 0 | ... O39: =$C$39*O40 -> 0
D40: 0.04 | E40: 0.04 | F40: 0.04 | G40: 0.04 | H40: 0.04 | I40: 0.04 | J40: 0.04 | K40: 0.04 | L40: 0.04 | M40: 0.04 | N40: 0.04 | O40: 0.06
A41: 7 | B41: =B21 -> START UP E OPERAÇÃO ASSISTIDA | C41: =C21 -> 0 | K41: =$C$41*K42 -> 0 | L41: =$C$41*L42 -> 0 | M41: =$C$41*M42 -> 0 | N41: =$C$41*N42 -> 0 | O41: =$C$41*O42 -> 0
K42: 0.2 | L42: 0.2 | M42: 0.2 | N42: 0.2 | O42: 0.2
A44: =A24 -> TOTAL MENSAL | C44: =C24 -> 0 | D44: =SUM(D29,D31,D33,D35,D37,D39,D41) -> 0 | E44: =SUM(E29,E31,E33,E35,E37,E39,E41) -> 0 | F44: =SUM(F29,F31,F33,F35,F37,F39,F41) -> 0 | G44: =SUM(G29,G31,G33,G35,G37,G39,G41) -> 0 | H44: =SUM(H29,H31,H33,H35,H37,H39,H41) -> 0 | I44: =SUM(I29,I31,I33,I35,I37,I39,I41) -> 0 | J44: =SUM(J29,J31,J33,J35,J37,J39,J41) -> 0 | K44: =SUM(K29,K31,K33,K35,K37,K39,K41) -> 0 | ... O44: =SUM(O29,O31,O33,O35,O37,O39,O41) -> 0
A45: =A25 -> TOTAL ACUMULADO | C45: =C25 -> 0 | D45: =O25+D44 -> 0 | E45: =D45+E44 -> 0 | F45: =E45+F44 -> 0 | G45: =F45+G44 -> 0 | H45: =G45+H44 -> 0 | I45: =H45+I44 -> 0 | J45: =I45+J44 -> 0 | K45: =J45+K44 -> 0 | L45: =K45+L44 -> 0 | ... O45: =N45+O44 -> 0

Sheet Encargos Sociais
A2: PARÁ | D2: VIGÊNCIA A PARTIR DE 11/2022
A4: ENCARGOS SOCIAIS SOBRE A MÃO DE OBRA
A5: CÓDIGO | B5: DESCRIÇÃO | C5: COM DESONERAÇÃO | E5: SEM DESONERAÇÃO
C6: HORISTA % | D6: MENSALISTA % | E6: HORISTA % | F6: MENSALISTA %
A7: GRUPO A
A8: A1 | B8: INSS | C8: 0 | D8: 0 | E8: 0.2 | F8: 0.2
A9: A2 | B9: SESI | C9: 0.015 | D9: 0.015 | E9: 0.015 | F9: 0.015
A10: A3 | B10: SENAI | C10: 0.01 | D10: 0.01 | E10: 0.01 | F10: 0.01
A11: A4 | B11: INCRA | C11: 0.002 | D11: 0.002 | E11: 0.002 | F11: 0.002
A12: A5 | B12: SEBRAE | C12: 0.006 | D12: 0.006 | E12: 0.006 | F12: 0.006
A13: A6 | B13: Salário Educação | C13: 0.025 | D13: 0.025 | E13: 0.025 | F13: 0.025
A14: A7 | B14: Seguro Contra Acidentes de Trabalho | C14: 0.03 | D14: 0.03 | E14: 0.03 | F14: 0.03
A15: A8 | B15: FGTS | C15: 0.08 | D15: 0.08 | E15: 0.08 | F15: 0.08
A16: A9 | B16: SECONCI | C16: 0 | D16: 0 | E16: 0 | F16: 0
A17: A | B17: Total | C17: =SUM(C8:C16) -> 0.168 | D17: =SUM(D8:D16) -> 0.168 | E17: =SUM(E8:E16) -> 0.368 | F17: =SUM(F8:F16) -> 0.368
A18: GRUPO B
A19: B1 | B19: Repouso Semanal Remunerado | C19: 0.1812 | D19: Não incide | E19: 0.1812 | F19: Não incide
A20: B2 | B20: Feriados | C20: 0.0415 | D20: Não incide | E20: 0.0415 | F20: Não incide
A21: B3 | B21: Auxílio - Enfermidade | C21: 0.0088 | D21: 0.0066 | E21: 0.0088 | F21: 0.0066
A22: B4 | B22: 13º Salário | C22: 0.1116 | D22: 0.0833 | E22: 0.1116 | F22: 0.0833
A23: B5 | B23: Licença Paternidade | C23: 0.0007 | D23: 0.0005 | E23: 0.0007 | F23: 0.0005
A24: B6 | B24: Faltas Justificadas | C24: 0.0074 | D24: 0.0056 | E24: 0.0074 | F24: 0.0056
A25: B7 | B25: Dias de Chuvas | C25: 0.0273 | D25: Não incide | E25: 0.0273 | F25: Não incide
A26: B8 | B26: Auxílio Acidente de Trabalho | C26: 0.0011 | D26: 0.0008 | E26: 0.0011 | F26: 0.0008
A27: B9 | B27: Férias Gozadas | C27: 0.1209 | D27: 0.0902 | E27: 0.1209 | F27: 0.0902
A28: B10 | B28: Salário Maternidade | C28: 0.0004 | D28: 0.0003 | E28: 0.0004 | F28: 0.0003
A29: B | B29: Total | C29: =SUM(C19:C28) -> 0.5009 | D29: =SUM(D19:D28) -> 0.1873 | E29: =SUM(E19:E28) -> 0.5009 | F29: =SUM(F19:F28) -> 0.1873
A30: GRUPO C
A31: C1 | B31: Aviso Prévio Indenizado | C31: 0.0578 | D31: 0.0432 | E31: 0.0578 | F31: 0.0432
A32: C2 | B32: Aviso Prévio Trabalhado | C32: 0.0014 | D32: 0.001 | E32: 0.0014 | F32: 0.001
A33: C3 | B33: Férias Indenizadas | C33: 0.025 | D33: 0.0187 | E33: 0.025 | F33: 0.0187
A34: C4 | B34: Depósito Rescisão Sem Justa Causa | C34: 0.0311 | D34: 0.0232 | E34: 0.0311 | F34: 0.0232
A35: C5 | B35: Indenização Adicional | C35: 0.0049 | D35: 0.0036 | E35: 0.0049 | F35: 0.0036
A36: C | B36: Total | C36: =SUM(C31:C35) -> 0.1202 | D36: =SUM(D31:D35) -> 0.0897 | E36: =SUM(E31:E35) -> 0.1202 | F36: =SUM(F31:F35) -> 0.0897
A37: GRUPO D
A38: D1 | B38: Reincidência de Grupo A sobre Grupo B | C38: 0.0842 | D38: 0.0315 | E38: 0.1843 | F38: 0.0689
A39: D2 | B39: Reincidência de Grupo A sobre Aviso Prévio Trabalhado e Reincidência do FGTS sobre Aviso Prévio Indenizado | C39: 0.0049 | D39: 0.0036 | E39: 0.0051 | F39: 0.0038
A40: D | B40: Total | C40: =SUM(C38:C39) -> 0.0891 | D40: =SUM(D38:D39) -> 0.0351 | E40: =SUM(E38:E39) -> 0.1894 | F40: =SUM(F38:F39) -> 0.0727
A41: TOTAL(A+B+C+D) | C41: 0.8782 | D41: 0.4801 | E41: 1.1785 | F41: 0.7177
